Map: Catalyst LE

Players

Archos

  • Race: Zerg Zerg
  • League: Platinum
  • Spawn Location: 11:00

Juxtapose - Winner!

  • Race: Zerg Zerg
  • League: Gold
  • Spawn Location: 5:00

VOD

https://youtu.be/f8hZeBdga6U

Description

This was a very standard Zerg versus Zerg, where my opponent goes with traditional early Zerglings and I respond with my usual Roaches. A very fun match.

I'm also getting quite close to Platinum League again, and I'm hoping a win here would give me the promotion.

Time

  • Played on: Jan. 1, 2018, 1:46 p.m.
  • Length: 6:15
Show
View Real Time Build Order
Export as new Build Order

Archos Zerg 

Build Orders: Hatch First 

Get SALT Encoding   

  12  0:01  Drone  
  13  0:13  Overlord  
  13  0:17  Drone  
  14  0:31  Drone x2  
  14  0:35  Drone  
  17  0:56  Hatchery  
  16  1:07  Drone, Extractor  
  16  1:21  Drone, Spawning Pool  
  16  1:24  Drone  
  17  1:31  Drone  
  18  1:41  Drone  
  19  1:48  Drone  
  19  1:54  Drone  
  21  2:06  Overlord  
  21  2:08  Queen  
  21  2:09  Metabolic Boost  
  23  2:17  Queen  
  23  2:21  Zergling x2  
  26  2:31  Drone  
  26  2:33  Drone  
  26  2:35  Zergling x2  
  29  2:37  Drone  
  29  2:43  Drone  
  31  2:49  Zergling x2  
  31  2:50  Drone  
  33  2:56  Drone  
  34  3:00  Zergling x2  
  35  3:10  Drone, Overlord  
  35  3:11  Baneling Nest  
  35  3:26  Overlord  
  35  3:28  Queen  
  35  3:30  Zergling x8  
  41  3:45  Lair  
  41  3:48  Zergling x6  
  42  3:49  Zergling x4  
  44  4:11  Zergling x12  
  46  4:19  Overlord  
  46  4:20  Drone x2  
  47  4:26  Drone  
  42  4:51  Extractor  
  41  4:54  Hatchery, Hydralisk Den  
  41  4:55  Drone x4  
  41  4:56  Roach Warren  
  41  4:57  Drone x2  
  41  4:58  Drone  
  41  4:59  Drone  
  46  5:02  Extractor  
  45  5:07  Queen  
  48  5:23  Zergling x12  
  54  5:32  Zergling x10  
  50  5:43  Zergling x4  
  50  5:44  Zergling x4  
Show
View Real Time Build Order
Export as new Build Order

Juxtapose Zerg - Winner!

Build Orders: Hatch First 

Get SALT Encoding   

  12  0:01  Drone  
  13  0:08  Drone  
  14  0:17  Overlord  
  14  0:35  Drone x2  
  16  0:52  Drone  
  16  0:53  Hatchery  
  16  1:00  Extractor  
  16  1:02  Drone  
  16  1:16  Spawning Pool  
  16  1:18  Drone  
  16  1:25  Overlord  
  16  1:31  Drone  
  16  1:32  Drone  
  18  1:46  Drone  
  19  1:51  Drone  
  20  2:02  Drone  
  20  2:03  Queen  
  20  2:06  Queen  
  25  2:12  Drone  
  25  2:13  Drone  
  27  2:22  Drone  
  28  2:34  Extractor  
  28  2:35  Roach Warren  
  26  2:37  Drone x3  
  26  2:43  Drone  
  29  3:01  Spine Crawler  
  29  3:04  Spine Crawler  
  27  3:06  Drone x2  
  27  3:07  Overlord  
  29  3:18  Drone x5  
  34  3:24  Overlord  
  34  3:37  Roach x3  
  40  3:50  Roach x2  
  40  3:51  Roach x2  
  48  3:59  Evolution Chamber  
  48  4:02  Overlord  
  47  4:11  Roach x2  
  47  4:22  Roach x3  
  47  4:23  Roach  
  55  4:32  Roach x2  
  55  4:33  Overlord  
  59  4:40  Drone  
  59  4:41  Overlord  
  60  4:52  Lair  
  61  5:00  Drone x4  
  64  5:08  Roach x2  
  68  5:15  Drone  
  68  5:16  Drone x2  
  73  5:21  Roach x2  
  75  5:35  Overlord x2  
  73  5:44  Roach  
  73  5:52  Roach  
  73  5:53  Roach x2, Overlord x2  
Tags
 
Add a new tag
Caveats
  • Supply blocks, unpowered buildings, or Contaminate may cause inaccurate times.
  • Supply counts are checked every 10 seconds.